Workbook

Sheet Прилож2 2020
D1: Приложение №2
D2: к Постановлению Администрации № 43 от 20.07.2020 г. Сабанчеевского сельского поселения "Об исполнении бюджета Сабанчеевского сельского поселения за 2 квартал 2020г"
A4: Распределение бюджетных ассигнований бюджета Сабанчеевского сельского поселения по разделам, подразделам, целевым статьям (муниципальным программам и непрограммным направлениям деятельности), группам (группам и подгруппам) видов расходов классификации расходов бюджетов за 2 квартал 2020 года.
A6: Наименование | B6: АДМ | C6: Рз | D6: ПРз | E6: ЦСР | I6: ВР | J6: Сумма | K6: 2020 год | L6: 2010 | M6: 2011 | O6: были | Q6: было
A7: Социальная поддержка отдельных категорий населения | C7: 01 | D7: 01
A8: Пенсионное обеспечение | C8: 01 | D8: 01 | I8: 005
A9: Администрация Сабанчеевского сельского поселения | B9: 915
A10: Общегосударственные вопросы | B10: 915 | C10: 01 | J10: =J11 -> 0 | K10: =K11+K33+K68+K77+K63 -> 1241.7 | L10: =L11 -> #REF! | M10: =M11 -> #REF! | N10: =N11 -> #REF! | O10: =O20+O22+#REF! -> #REF! | P10: =K10-O10 -> #REF! | Q10: =Q20+Q22+#REF! -> #REF! | R10: =K10-Q10 -> #REF!
A11: Глава местной администрации (исполнительно-распорядительного органа муниципального образования) | B11: 915 | C11: 01 | D11: 02 | J11: =J20 -> 0 | K11: =K12+K27 -> 184.1 | L11: =L20+#REF! -> #REF! | M11: =M20+#REF! -> #REF! | N11: =N20+#REF! -> #REF! | O11: =668.5-O60 -> 482.5 | P11: =K11-O11 -> -298.4 | Q11: 862.3 | R11: =K11-Q11 -> -678.2
A12: Муниципальная программа Сабанчеевского сельского поселения "Повышение эффективности муниципального управления Сабанчеевского сельского поселения Атяшевского муниципального района Республики Мордовия на 2016-2022 годы" | B12: 915 | C12: 01 | D12: 02 | E12: 01 | F12: 0 | K12: =K13 -> 184.1
A13: Подпрограмма "Обеспечение деятельности Администрации Сабанчеево сельского поселения" | B13: 915 | C13: 01 | D13: 02 | E13: 01 | F13: 1 | K13: =K14 -> 184.1
A14: Основное мероприятие "Обеспечение деятельности Администрации Сабанчеевского сельского поселения" | B14: 915 | C14: 01 | D14: 02 | E14: 01 | F14: 1 | G14: 01 | K14: =K15+K24 -> 184.1
A15: Расходы, связанные с муниципальным управлением | B15: 915 | C15: 01 | D15: 02 | E15: 01 | F15: 1 | G15: 01 | H15: 41000 | K15: =K16 -> 184.1
A16: Расходы на выплаты по оплате труда Главы местной администрации (исполнительно-распорядительного органа муниципального образования) | B16: 915 | C16: 01 | D16: 02 | E16: 01 | F16: 1 | G16: 01 | H16: 41150 | K16: =K17+K23 -> 184.1
A17: Фонд оплаты труда государственных (муниципальных) органов | B17: 915 | C17: 01 | D17: 02 | E17: 01 | F17: 1 | G17: 01 | H17: 41150 | I17: 121 | K17: 148.8
A18: Расходы на обеспечение функций органов местного самоуправления | B18: 915 | C18: 01 | D18: 02 | E18: 89 | F18: 1 | H18: 4112 | K18: =K19 -> 0
A19: Иные выплаты персоналу государственных (муниципальных) органов, за исключением фонда оплаты труда | B19: 915 | C19: 01 | D19: 02 | E19: 89 | F19: 1 | H19: 4112 | I19: 122
B20: 915 | L20: =L21 -> #REF! | M20: =M21 -> #REF! | N20: =N21 -> #REF! | O20: =O11-O22 -> 482.5 | P20: =K20-O20 -> -482.5 | Q20: =Q11-Q22 -> 862.3 | R20: =K20-Q20 -> -862.3
A21: Выполнение функций органами местного самоуправления | B21: 915 | C21: 01 | D21: 04 | I21: 500 | J21: =#REF!+#REF!+#REF!+#REF!+#REF!+#REF!+#REF!+#REF!+#REF!+#REF! -> #REF! | L21: =#REF!+#REF!+#REF!+#REF!+#REF!+#REF!+#REF!+#REF!+#REF!+#REF! -> #REF! | M21: =#REF!+#REF!+#REF!+#REF!+#REF!+#REF!+#REF!+#REF!+#REF!+#REF! -> #REF! | N21: =#REF!+#REF!+#REF!+#REF!+#REF!+#REF!+#REF!+#REF!+#REF!+#REF! -> #REF! | P21: =K21-O21 -> 0 | R21: =K21-Q21 -> 0
A22: Уплата налога на имущество и земельного налога | B22: 915 | C22: 01 | D22: 04 | J22: =#REF! -> #REF! | L22: =#REF! -> #REF! | M22: =#REF! -> #REF! | N22: =#REF! -> #REF! | P22: =K22-O22 -> 0 | R22: =K22-Q22 -> 0
A23: Взносы по обязательному социальному страхованию на выплаты денежного содержания и иные выплаты работникам государственных (муниципальных) органов | B23: 915 | C23: 01 | D23: 02 | E23: 01 | F23: 1 | G23: 01 | H23: 41150 | I23: 129 | K23: 35.3
A24: Субсидии на софинансирование расходных обязательств по финансовому обеспечению деятельности органов местного самоуправления и муниципальных учреждений | C24: 01 | D24: 02 | E24: 01 | F24: 1 | G24: 01 | H24: 44205 | K24: =K25+K26 -> 0
A25: Фонд оплаты труда государственных (муниципальных) органов | C25: 01 | D25: 02 | E25: 01 | F25: 1 | G25: 01 | H25: 44205 | I25: 121
A26: Взносы по обязательному социальному страхованию на выплаты денежного содержания и иные выплаты работникам государственных (муниципальных) органов | C26: 01 | D26: 02 | E26: 01 | F26: 1 | G26: 01 | H26: 44205 | I26: 129
A27: Непрограммные расходы главных распорядителей бюджетных средств местного бюджета | B27: 915 | C27: 01 | D27: 02 | E27: 01 | F27: 0 | J27: =J28 -> 0 | K27: =K28 -> 0
A28: Непрограммные расходы в рамках обеспечения деятельности главных распорядителей бюджетных средств местного бюджета | B28: 915 | C28: 01 | D28: 02 | E28: 01 | F28: 1 | J28: =J29 -> 0 | K28: =K29 -> 0
A29: Софинансирование расходных обязательств, возникающих при выполнении полномочий органов местного самоуправления по вопросам местного значения | B29: 915 | C29: 01 | D29: 02 | E29: 01 | F29: 1 | G29: 00 | H29: 76000 | J29: =J30+J32 -> 0 | K29: =K30 -> 0
A30: Софинансирование расходных обязательств поселений по финансовому обеспечению деятельности муниципальных казенных учреждений и финансовому обеспечению выполнения муниципального задания бюджетными и автономными муниципальными учреждениями | B30: 915 | C30: 01 | D30: 02 | E30: 01 | F30: 1 | G30: 00 | H30: 76010 | J30: =J31 -> 0 | K30: =K31+K32 -> 0
A31: Фонд оплаты труда государственных (муниципальных) органов | B31: 915 | C31: 01 | D31: 02 | E31: 01 | F31: 1 | G31: 00 | H31: 76010 | I31: 121
A32: Взносы по обязательному социальному страхованию на выплаты денежного содержания и иные выплаты работникам государственных (муниципальных) органов | B32: 915 | C32: 01 | D32: 02 | E32: 01 | F32: 1 | G32: 00 | H32: 76010 | I32: 129
A33: Функционирование Правительства Российской Федерации, высших исполнительных органов государственной власти субъектов Российской Федерации, местных администраций | B33: 915 | C33: 01 | D33: 04 | K33: =K34+K56 -> 1057.6
A34: Муниципальная программаСабанчеевского сельского поселения "Повышение эффективности муниципального управления Сабанчеевского сельского поселения на 2016-2024 годы | B34: 915 | C34: 01 | D34: 04 | E34: 01 | F34: 0 | K34: =K35 -> 1057.6
A35: Подпрограмма "Обеспечение деятельности Администрации Сабанчеевского сельского поселения" | B35: 915 | C35: 01 | D35: 04 | E35: 01 | F35: 1 | J35: 340 | K35: =K36 -> 1057.6
A36: Основное мероприятие "Обеспечение деятельности Администрации Сабанчеевского сельского поселения" | B36: 915 | C36: 01 | D36: 04 | E36: 01 | F36: 1 | G36: 01 | K36: =K37+K51+K47 -> 1057.6
A37: Расходы, связанные с муниципальным управлением | B37: 915 | C37: 01 | D37: 04 | E37: 01 | F37: 1 | G37: 01 | H37: 41000 | K37: =K38+K41 -> 857
A38: Расходы на выплаты по оплате труда работников органов местного самоуправления | B38: 915 | C38: 01 | D38: 04 | E38: 01 | F38: 1 | G38: 01 | H38: 41110 | K38: =K39+K40 -> 689.1
A39: Фонд оплаты труда государственных (муниципальных) органов | B39: 915 | C39: 01 | D39: 04 | E39: 01 | F39: 1 | G39: 01 | H39: 41110 | I39: 121 | K39: 515
A40: Взносы по обязательному социальному страхованию на выплаты денежного содержания и иные выплаты работникам государственных (муниципальных) органов | B40: 915 | C40: 01 | D40: 04 | E40: 01 | F40: 1 | G40: 01 | H40: 41110 | I40: 129 | K40: 174.1
A41: Расходы на обеспечение функций органов местного самоуправления | B41: 915 | C41: 01 | D41: 04 | E41: 01 | F41: 1 | G41: 01 | H41: 41120 | K41: =K42+K43+K44+K45+K46 -> 167.9
A42: Иные выплаты персоналу государственных(муниципальных) органов, за исключением фонда оплаты труда | B42: 915 | C42: 01 | D42: 04 | E42: 01 | F42: 1 | G42: 01 | H42: 41120 | I42: 122
A43: Прочая закупка товаров, работ и услуг для обеспечения государственных(муниципальных) нужд | B43: 915 | C43: 01 | D43: 04 | E43: 01 | F43: 1 | G43: 01 | H43: 41120 | I43: 244 | K43: 163.3
A44: Уплата налога на имущество организаций и земельного налога | B44: 915 | C44: 01 | D44: 04 | E44: 01 | F44: 1 | G44: 01 | H44: 41120 | I44: 851 | K44: 2
A45: Уплата прочих налогов, сборов и иных платежей | C45: 01 | D45: 04 | E45: 01 | F45: 1 | G45: 01 | H45: 41120 | I45: 852 | K45: 1.1
A46: Уплата иных платежей | C46: 01 | D46: 04 | E46: 01 | F46: 1 | G46: 01 | H46: 41120 | I46: 853 | K46: 1.5
A47: Субсидии на софинансирование расходных обязательств по финансовому обеспечению деятельности органов местного самоуправления и муниципальных учреждений | C47: 01 | D47: 04 | E47: 01 | F47: 1 | G47: 01 | H47: 44205 | K47: =K50+K49+K48 -> 200.6
A48: Фонд оплаты труда государственных (муниципальных) органов | C48: 01 | D48: 04 | E48: 01 | F48: 1 | G48: 01 | H48: 44205 | I48: 121 | K48: 86.3
A49: Взносы по обязательному социальному страхованию на выплаты денежного содержания и иные выплаты работникам государственных (муниципальных) органов | C49: 01 | D49: 04 | E49: 01 | F49: 1 | G49: 01 | H49: 44205 | I49: 129 | K49: 29.6
A50: Прочая закупка товаров, работ и услуг для обеспечения государственных(муниципальных) нужд | C50: 01 | D50: 04 | E50: 01 | F50: 1 | G50: 01 | H50: 44205 | I50: 244 | K50: 84.7
A51: Софинансирование расходных обязательств, возникающих при выполнении полномочий органов местного самоуправления по вопросам местного значения | B51: 915 | C51: 01 | D51: 04 | E51: 01 | F51: 1 | G51: 00 | H51: 76000 | J51: =J52+J54 -> 0 | K51: =K52 -> 0
A52: Софинансирование расходных обязательств поселений по финансовому обеспечению деятельности муниципальных казенных учреждений и финансовому обеспечению выполнения муниципального задания бюджетными и автономными муниципальными учреждениями | B52: 915 | C52: 01 | D52: 04 | E52: 01 | F52: 1 | G52: 00 | H52: 76010 | J52: =J53 -> 0 | K52: =K53+K54+K55 -> 0
A53: Фонд оплаты труда государственных (муниципальных) органов | B53: 915 | C53: 01 | D53: 04 | E53: 01 | F53: 1 | G53: 00 | H53: 76010 | I53: 121
A54: Взносы по обязательному социальному страхованию на выплаты денежного содержания и иные выплаты работникам государственных (муниципальных) органов | B54: 915 | C54: 01 | D54: 04 | E54: 01 | F54: 1 | G54: 00 | H54: 76010 | I54: 129
A55: Прочая закупка товаров, работ и услуг для обеспечения государственных(муниципальных) нужд | B55: 915 | C55: 01 | D55: 04 | E55: 01 | F55: 1 | G55: 00 | H55: 76010 | I55: 244
A56: Непрограммные расходы главных распорядителей бюджетных средств местного бюджета | C56: 01 | D56: 04 | E56: 89 | F56: 0 | K56: =K57+K61 -> 0
A57: Непрограммные расходы в рамках обеспечения деятельности главных распорядителей бюджетных средств местного бюджета | C57: 01 | D57: 04 | E57: 89 | F57: 1 | K57: =K58 -> 0
A58: Финансовое обеспечение расходных обязательств муниципальных образований по переданным для осуществления органам местного самоуправления государственным полномочиям | B58: 915 | C58: 01 | D58: 04 | E58: 89 | F58: 1 | G58: 00 | H58: 77000 | K58: =K59 -> 0
A59: Реализация государственных полномочий по определению перечня должностных лиц, уполномоченных составлять протоколы об административных правонарушениях | B59: 915 | C59: 01 | D59: 04 | E59: 89 | F59: 1 | G59: 00 | H59: 77150 | K59: =K60 -> 0
A60: Прочая закупка товаров, работ и услуг для обеспечения государственных(муниципальных) нужд | B60: 915 | C60: 01 | D60: 04 | E60: 89 | F60: 1 | G60: 00 | H60: 77150 | I60: 244 | J60: 013 | L60: =#REF! -> #REF! | M60: =#REF! -> #REF! | N60: =#REF! -> #REF! | O60: 186 | P60: =K60-O60 -> -186 | Q60: 186 | R60: =K60-Q60 -> -186
A61: Иные межбюджетные трансферты на осуществление полномочий по составлению и рассмотрению проекта бюджета поселения, утверждению и исполнению бюджета поселения, осуществлению контроля за его исполнением, составлению и утверждению отчета об исполнении бюджета поселения | C61: 01 | D61: 04 | E61: 89 | F61: 1 | G61: 00 | H61: 44501 | K61: =K62 -> 0
A62: Иные межбюджетные трансферты | C62: 01 | D62: 04 | E62: 89 | F62: 1 | G62: 00 | H62: 44501 | I62: 540
A63: Обеспечение проведения выборов и референдумов | C63: 01 | D63: 07 | K63: =K64 -> 0
A64: Непрограммные расходы главных распорядителей бюджетных средств местного бюджета | C64: 01 | D64: 07 | E64: 89 | F64: 0 | K64: =K65 -> 0
A65: Непрограммные расходы в рамках обеспечения деятельности главных распорядителей бюджетных средств местного бюджета | C65: 01 | D65: 07 | E65: 89 | F65: 1 | K65: =K66 -> 0
A66: Проведение выборов в представительные органы муниципального образования Республики Мордовия | C66: 01 | D66: 07 | E66: 89 | F66: 1 | G66: 00 | H66: 41130 | K66: =K67 -> 0
A67: Специальные расходы | C67: 01 | D67: 07 | E67: 89 | F67: 1 | G67: 00 | H67: 41130 | I67: 880
A68: Резервные фонды | B68: 915 | C68: 01 | D68: 11 | J68: =J71 -> #REF! | K68: =K69 -> 0 | L68: =L71 -> #REF! | M68: =M71 -> #REF! | N68: =N71 -> #REF! | O68: 5.1 | P68: =K68-O68 -> -5.1 | Q68: 5.1
A69: Непрограммные расходы главных распорядителей бюджетных средств местного бюджета | B69: 915 | C69: 01 | D69: 11 | E69: 89 | F69: 0 | K69: =K70 -> 0
A70: Непрограммные расходы в рамках обеспечения деятельности главных распорядителей бюджетных средств местного бюджета | B70: 915 | C70: 01 | D70: 11 | E70: 89 | F70: 1 | K70: =K71 -> 0
A71: Резервный фонд администрации муниципальных образований | B71: 915 | C71: 01 | D71: 11 | E71: 89 | F71: 1 | G71: 00 | H71: 41180 | J71: =J72 -> #REF! | K71: =K72 -> 0 | L71: =L72 -> #REF! | M71: =M72 -> #REF! | N71: =N72 -> #REF! | O71: 5.1 | P71: =K71-O71 -> -5.1 | Q71: 5.1
A72: Резервные средства | B72: 915 | C72: 01 | D72: 11 | E72: 89 | F72: 1 | G72: 00 | H72: 41180 | I72: 870 | J72: =#REF! -> #REF! | L72: =#REF! -> #REF! | M72: =#REF! -> #REF! | N72: =#REF! -> #REF! | O72: 5.1 | P72: =K72-O72 -> -5.1 | Q72: 5.1
A73: Другие общегосударственные вопросы | B73: 915 | C73: 01 | D73: 13 | J73: =#REF!+J74+#REF!+#REF! -> #REF! | K73: =K75 -> 0 | L73: =#REF!+L74+#REF!+#REF! -> #REF! | M73: =#REF!+M74+#REF!+#REF! -> #REF! | N73: =#REF!+N74+#REF!+#REF! -> #REF! | O73: 10.4 | P73: =K73-O73 -> -10.4 | Q73: 10.4
A74: Мероприятия по реализация государственных функций, связанных с общегосударственным управлением | B74: 915 | C74: 01 | D74: 13 | E74: 09 | F74: 2 | H74: 0000 | J74: =J75 -> #REF! | K74: =K75 -> 0 | L74: =L75 -> #REF! | M74: =M75 -> #REF! | N74: =N75 -> #REF! | O74: 10.4 | P74: =K74-O74 -> -10.4 | Q74: 10.4
A75: Выполнение других обязательств государства | B75: 915 | C75: 01 | D75: 13 | E75: 09 | F75: 2 | H75: 0300 | J75: =J76 -> #REF! | K75: =K76 -> 0 | L75: =L76 -> #REF! | M75: =M76 -> #REF! | N75: =N76 -> #REF! | O75: 10.4 | P75: =K75-O75 -> -10.4 | Q75: 10.4
A76: Прочая закупка товаров, работ и услуг для обеспечения государственных(муниципальных) нужд | B76: 915 | C76: 01 | D76: 13 | E76: 09 | F76: 2 | H76: 0300 | I76: 244 | J76: =#REF! -> #REF! | L76: =#REF! -> #REF! | M76: =#REF! -> #REF! | N76: =#REF! -> #REF! | O76: 10.4 | P76: =K76-O76 -> -10.4 | Q76: 10.4
A77: Другие общегосударственные вопросы | C77: 01 | K77: =K78+K83+K87 -> 0
A78: Непрограммные расходы главных распорядителей бюджетных средств местного бюджета | C78: 01 | D78: 13 | E78: 89 | F78: 0 | K78: =K79 -> 0
A79: Непрограммные расходы в рамках обеспечения деятельности главных распорядителей бюджетных средств местного бюджета | C79: 01 | D79: 13 | E79: 89 | F79: 1 | K79: =K80+K82 -> 0
A80: Мероприятия в сфере муниципального управления | C80: 01 | D80: 13 | E80: 89 | F80: 1 | G80: 00 | H80: 41210 | K80: =K81 -> 0
A81: Прочая закупка товаров, работ и услуг для обеспечения государственных(муниципальных) нужд | C81: 01 | D81: 13 | E81: 89 | F81: 1 | G81: 00 | H81: 41210 | I81: 244
A82: Прочая закупка товаров, работ и услуг для обеспечения государственных(муниципальных) нужд | C82: 01 | D82: 13 | E82: 89 | F82: 1 | G82: 00 | H82: 42200 | I82: 244
A83: Осуществление полномочий по вопросам осуществления муниципального земельного контроля в границах поселения | C83: 01 | D83: 13 | E83: 89 | F83: 1 | G83: 00 | H83: 44210 | K83: =K84 -> 0
A84: Прочая закупка товаров, работ и услуг для обеспечения государственных(муниципальных) нужд | C84: 01 | D84: 13 | E84: 89 | F84: 1 | G84: 00 | H84: 44210 | I84: 244
A85: Муниципальная программа Сабанчеевского сельского поселения "Профилактика терроризма и экстремизма в Сабанчеевском сельском поселении на 2019-2023 годы" | C85: 01 | D85: 13 | E85: 31 | K85: =K86 -> 0
A86: Подпрограмма "Противодействие терроризму и экстремизму,защита жизни граждан, проживающих на территории Сабанчеевского сельского поселения от террористических и экстремистских актов" | C86: 01 | D86: 13 | E86: 31 | F86: 0 | K86: =K87 -> 0
A87: Основное мероприятие "Информационно-пропагандистское противодействие терроризму и экстремизму" | C87: 01 | D87: 13 | E87: 31 | F87: 0 | G87: 01 | K87: =K88 -> 0
A88: Мероприятия по укреплению общественного порядка и обеспечению общественной безопасности | C88: 01 | D88: 13 | E88: 31 | F88: 0 | G88: 01 | H88: 42300 | K88: =K89 -> 0
A89: Прочая закупка товаров, работ и услуг для обеспечения государственных(муниципальных) нужд | C89: 01 | D89: 13 | E89: 31 | F89: 0 | G89: 01 | H89: 42300 | I89: 244
A90: Национальная оборона | B90: 915 | C90: 02 | J90: =J91 -> #REF! | K90: =K91 -> 36.4 | L90: =L91 -> #REF! | M90: =M91 -> #REF! | N90: =N91 -> #REF! | O90: 46.3 | P90: =K90-O90 -> -9.9 | Q90: =Q91 -> 47
A91: Мобилизационная и вневойсковая подготовка | B91: 915 | C91: 02 | D91: 03 | J91: =J94 -> #REF! | K91: =K92 -> 36.4 | L91: =L94 -> #REF! | M91: =M94 -> #REF! | N91: =N94 -> #REF! | O91: 46.3 | P91: =K91-O91 -> -9.9 | Q91: 47
A92: Непрограммные расходы главных распорядителей бюджетных средств местного бюджета | B92: 915 | C92: 02 | D92: 03 | E92: 89 | F92: 0 | K92: =K93 -> 36.4
A93: Непрограммные расходы в рамках обеспечения деятельности главных распорядителей бюджетных средств местного бюджета | B93: 915 | C93: 02 | D93: 03 | E93: 89 | F93: 1 | K93: =K94 -> 36.4
A94: Осуществление первичного воинского учета на территориях, где отсутствуют военные комиссариаты | B94: 915 | C94: 02 | D94: 03 | E94: 89 | F94: 1 | G94: 00 | H94: 51180 | J94: =#REF! -> #REF! | K94: =K95+K96+K97+K98 -> 36.4 | L94: =#REF! -> #REF! | M94: =#REF! -> #REF! | N94: =#REF! -> #REF! | O94: 46.3 | P94: =K94-O94 -> -9.9 | Q94: 47
A95: Фонд оплаты труда государственных (муниципальных) органов | B95: 915 | C95: 02 | D95: 03 | E95: 89 | F95: 1 | G95: 00 | H95: 51180 | I95: 121 | K95: 29.1
A96: Взносы по обязательному социальному страхованию на выплаты денежного содержания и иные выплаты работникам государственных (муниципальных) органов | B96: 915 | C96: 02 | D96: 03 | E96: 89 | F96: 1 | G96: 00 | H96: 51180 | I96: 129 | K96: 7.3
A97: Иные выплаты персоналу государственных (муниципальных) органов, за исключением фонда оплаты труда | B97: 915 | C97: 02 | D97: 03 | E97: 89 | F97: 1 | G97: 00 | H97: 51180 | I97: 122
A98: Прочая закупка товаров, работ и услуг для обеспечения государственных(муниципальных) нужд | B98: 915 | C98: 02 | D98: 03 | E98: 89 | F98: 1 | G98: 00 | H98: 51180 | I98: 244
B99: 915 | C99: 03 | O99: 0 | P99: =K99-O99 -> 0
A100: Обеспечение пожарной безопасности | B100: 915 | C100: 03 | D100: 10 | O100: 0 | P100: =K100-O100 -> 0 | Q100: 114
A101: Предупреждение и ликвидация последствий чрезвычайных ситуаций и стихийных бедствий природного и техногенного характера | B101: 915 | C101: 03 | D101: 10 | I101: 013 | O101: 0 | P101: =K101-O101 -> 0 | Q101: 114
A102: Национальная экономика | B102: 915 | C102: 04 | J102: =J104+J107 -> #REF! | K102: =K104+K109 -> 0 | L102: =L104+L107 -> #REF! | M102: =M104+M107 -> #REF! | N102: =N104+N107 -> #REF! | O102: =O104+O109 -> 82.5 | P102: =K102-O102 -> -82.5 | Q102: =Q104+Q109 -> 85.428
...

Sheet Лист2
D1: Приложение № 3
D2: к Постановлению № 43 от 20.07.2020 г. Администрации Сабанчеевского сельского поселения "Об исполнении бюджета Сабанчеевского сельского поселения за 2 квартал 2020г"
A4: Ведомственная структура расходов бюджета Сабанчеевского сельского поселения за 2 квартал 2020 года
A6: Наименование | B6: АДМ | C6: Рз | D6: ПРз | E6: ЦСР | I6: ВР | J6: Сумма | K6: 2020 год
A7: Социальная поддержка отдельных категорий населения | C7: 01 | D7: 01
A8: Пенсионное обеспечение | C8: 01 | D8: 01 | I8: 005
A9: Администрация Сабанчеевского сельского поселения | B9: 926
A10: Общегосударственные вопросы | B10: 926 | C10: 01 | J10: =J11 -> 0 | K10: =K11+K33+K68+K77+K63 -> 1241.7
A11: Глава местной администрации (исполнительно-распорядительного органа муниципального образования) | B11: 926 | C11: 01 | D11: 02 | J11: =J20 -> 0 | K11: =K12+K27 -> 184.1
A12: Муниципальная программа Сабанчеевского сельского поселения "Повышение эффективности муниципального управления Сабанчеевского сельского поселения Атяшевского муниципального района Республики Мордовия на 2016-2022 годы" | B12: 926 | C12: 01 | D12: 02 | E12: 01 | F12: 0 | K12: =K13 -> 184.1
A13: Подпрограмма "Обеспечение деятельности Администрации Сабанчеевского сельского поселения" | B13: 926 | C13: 01 | D13: 02 | E13: 01 | F13: 1 | K13: =K14 -> 184.1
A14: Основное мероприятие "Обеспечение деятельности Администрации Сабанчеевского сельского поселения" | B14: 926 | C14: 01 | D14: 02 | E14: 01 | F14: 1 | G14: 01 | K14: =K15+K24 -> 184.1
A15: Расходы, связанные с муниципальным управлением | B15: 926 | C15: 01 | D15: 02 | E15: 01 | F15: 1 | G15: 01 | H15: 41000 | K15: =K16 -> 184.1
A16: Расходы на выплаты по оплате труда Главы местной администрации (исполнительно-распорядительного органа муниципального образования) | B16: 926 | C16: 01 | D16: 02 | E16: 01 | F16: 1 | G16: 01 | H16: 41150 | K16: =K17+K23 -> 184.1
A17: Фонд оплаты труда государственных (муниципальных) органов | B17: 926 | C17: 01 | D17: 02 | E17: 01 | F17: 1 | G17: 01 | H17: 41150 | I17: 121 | K17: 148.8
A18: Расходы на обеспечение функций органов местного самоуправления | B18: 915 | C18: 01 | D18: 02 | E18: 89 | F18: 1 | H18: 4112 | K18: =K19 -> 0
A19: Иные выплаты персоналу государственных (муниципальных) органов, за исключением фонда оплаты труда | B19: 915 | C19: 01 | D19: 02 | E19: 89 | F19: 1 | H19: 4112 | I19: 122
B20: 915
A21: Выполнение функций органами местного самоуправления | B21: 915 | C21: 01 | D21: 04 | I21: 500 | J21: =#REF!+#REF!+#REF!+#REF!+#REF!+#REF!+#REF!+#REF!+#REF!+#REF! -> #REF!
A22: Уплата налога на имущество и земельного налога | B22: 915 | C22: 01 | D22: 04 | J22: =#REF! -> #REF!
A23: Взносы по обязательному социальному страхованию на выплаты денежного содержания и иные выплаты работникам государственных (муниципальных) органов | B23: 926 | C23: 01 | D23: 02 | E23: 01 | F23: 1 | G23: 01 | H23: 41150 | I23: 129 | K23: 35.3
A24: Субсидии на софинансирование расходных обязательств по финансовому обеспечению деятельности органов местного самоуправления и муниципальных учреждений | B24: 926 | C24: 01 | D24: 02 | E24: 01 | F24: 1 | G24: 01 | H24: 44205 | K24: =K25+K26 -> 0
A25: Фонд оплаты труда государственных (муниципальных) органов | B25: 926 | C25: 01 | D25: 02 | E25: 01 | F25: 1 | G25: 01 | H25: 44205 | I25: 121
A26: Взносы по обязательному социальному страхованию на выплаты денежного содержания и иные выплаты работникам государственных (муниципальных) органов | B26: 926 | C26: 01 | D26: 02 | E26: 01 | F26: 1 | G26: 01 | H26: 44205 | I26: 129
A27: Непрограммные расходы главных распорядителей бюджетных средств местного бюджета | B27: 926 | C27: 01 | D27: 02 | E27: 01 | F27: 0 | J27: =J28 -> 0 | K27: =K28 -> 0
A28: Непрограммные расходы в рамках обеспечения деятельности главных распорядителей бюджетных средств местного бюджета | B28: 926 | C28: 01 | D28: 02 | E28: 01 | F28: 1 | J28: =J29 -> 0 | K28: =K29 -> 0
A29: Софинансирование расходных обязательств, возникающих при выполнении полномочий органов местного самоуправления по вопросам местного значения | B29: 926 | C29: 01 | D29: 02 | E29: 01 | F29: 1 | G29: 00 | H29: 76000 | J29: =J30+J32 -> 0 | K29: =K30 -> 0
A30: Софинансирование расходных обязательств поселений по финансовому обеспечению деятельности муниципальных казенных учреждений и финансовому обеспечению выполнения муниципального задания бюджетными и автономными муниципальными учреждениями | B30: 926 | C30: 01 | D30: 02 | E30: 01 | F30: 1 | G30: 00 | H30: 76010 | J30: =J31 -> 0 | K30: =K31+K32 -> 0
A31: Фонд оплаты труда государственных (муниципальных) органов | B31: 926 | C31: 01 | D31: 02 | E31: 01 | F31: 1 | G31: 00 | H31: 76010 | I31: 121
A32: Взносы по обязательному социальному страхованию на выплаты денежного содержания и иные выплаты работникам государственных (муниципальных) органов | B32: 926 | C32: 01 | D32: 02 | E32: 01 | F32: 1 | G32: 00 | H32: 76010 | I32: 129
A33: Функционирование Правительства Российской Федерации, высших исполнительных органов государственной власти субъектов Российской Федерации, местных администраций | B33: 926 | C33: 01 | D33: 04 | K33: =K34+K56 -> 1057.6
A34: Муниципальная программаСабанчеевского сельского поселения "Повышение эффективности муниципального управления Сабанчеевского сельского поселения на 2016-2024 годы | B34: 926 | C34: 01 | D34: 04 | E34: 01 | F34: 0 | K34: =K35 -> 1057.6
A35: Подпрограмма "Обеспечение деятельности Администрации Сабанчеевского сельского поселения" | B35: 926 | C35: 01 | D35: 04 | E35: 01 | F35: 1 | J35: 340 | K35: =K36 -> 1057.6
A36: Основное мероприятие "Обеспечение деятельности Администрации Сабанчеевского сельского поселения" | B36: 926 | C36: 01 | D36: 04 | E36: 01 | F36: 1 | G36: 01 | K36: =K37+K51+K47 -> 1057.6
A37: Расходы, связанные с муниципальным управлением | B37: 926 | C37: 01 | D37: 04 | E37: 01 | F37: 1 | G37: 01 | H37: 41000 | K37: =K38+K41 -> 857
A38: Расходы на выплаты по оплате труда работников органов местного самоуправления | B38: 926 | C38: 01 | D38: 04 | E38: 01 | F38: 1 | G38: 01 | H38: 41110 | K38: =K39+K40 -> 689.1
A39: Фонд оплаты труда государственных (муниципальных) органов | B39: 926 | C39: 01 | D39: 04 | E39: 01 | F39: 1 | G39: 01 | H39: 41110 | I39: 121 | K39: 515
A40: Взносы по обязательному социальному страхованию на выплаты денежного содержания и иные выплаты работникам государственных (муниципальных) органов | B40: 926 | C40: 01 | D40: 04 | E40: 01 | F40: 1 | G40: 01 | H40: 41110 | I40: 129 | K40: 174.1
A41: Расходы на обеспечение функций органов местного самоуправления | B41: 926 | C41: 01 | D41: 04 | E41: 01 | F41: 1 | G41: 01 | H41: 41120 | K41: =K42+K43+K44+K45+K46 -> 167.9
A42: Иные выплаты персоналу государственных(муниципальных) органов, за исключением фонда оплаты труда | B42: 926 | C42: 01 | D42: 04 | E42: 01 | F42: 1 | G42: 01 | H42: 41120 | I42: 122
A43: Прочая закупка товаров, работ и услуг для обеспечения государственных(муниципальных) нужд | B43: 926 | C43: 01 | D43: 04 | E43: 01 | F43: 1 | G43: 01 | H43: 41120 | I43: 244 | K43: 163.3
A44: Уплата налога на имущество организаций и земельного налога | B44: 926 | C44: 01 | D44: 04 | E44: 01 | F44: 1 | G44: 01 | H44: 41120 | I44: 851 | K44: 2
A45: Уплата прочих налогов, сборов и иных платежей | B45: 926 | C45: 01 | D45: 04 | E45: 01 | F45: 1 | G45: 01 | H45: 41120 | I45: 852 | K45: 1.1
A46: Уплата иных платежей | B46: 926 | C46: 01 | D46: 04 | E46: 01 | F46: 1 | G46: 01 | H46: 41120 | I46: 853 | K46: 1.5
A47: Субсидии на софинансирование расходных обязательств по финансовому обеспечению деятельности органов местного самоуправления и муниципальных учреждений | B47: 926 | C47: 01 | D47: 04 | E47: 01 | F47: 1 | G47: 01 | H47: 44205 | K47: =K50+K49+K48 -> 200.6
A48: Фонд оплаты труда государственных (муниципальных) органов | B48: 926 | C48: 01 | D48: 04 | E48: 01 | F48: 1 | G48: 01 | H48: 44205 | I48: 121 | K48: 86.3
A49: Взносы по обязательному социальному страхованию на выплаты денежного содержания и иные выплаты работникам государственных (муниципальных) органов | B49: 926 | C49: 01 | D49: 04 | E49: 01 | F49: 1 | G49: 01 | H49: 44205 | I49: 129 | K49: 29.6
A50: Прочая закупка товаров, работ и услуг для обеспечения государственных(муниципальных) нужд | B50: 926 | C50: 01 | D50: 04 | E50: 01 | F50: 1 | G50: 01 | H50: 44205 | I50: 244 | K50: 84.7
A51: Софинансирование расходных обязательств, возникающих при выполнении полномочий органов местного самоуправления по вопросам местного значения | B51: 926 | C51: 01 | D51: 04 | E51: 01 | F51: 1 | G51: 00 | H51: 76000 | J51: =J52+J54 -> 0 | K51: =K52 -> 0
A52: Софинансирование расходных обязательств поселений по финансовому обеспечению деятельности муниципальных казенных учреждений и финансовому обеспечению выполнения муниципального задания бюджетными и автономными муниципальными учреждениями | B52: 926 | C52: 01 | D52: 04 | E52: 01 | F52: 1 | G52: 00 | H52: 76010 | J52: =J53 -> 0 | K52: =K53+K54+K55 -> 0
A53: Фонд оплаты труда государственных (муниципальных) органов | B53: 926 | C53: 01 | D53: 04 | E53: 01 | F53: 1 | G53: 00 | H53: 76010 | I53: 121
A54: Взносы по обязательному социальному страхованию на выплаты денежного содержания и иные выплаты работникам государственных (муниципальных) органов | B54: 926 | C54: 01 | D54: 04 | E54: 01 | F54: 1 | G54: 00 | H54: 76010 | I54: 129
A55: Прочая закупка товаров, работ и услуг для обеспечения государственных(муниципальных) нужд | B55: 926 | C55: 01 | D55: 04 | E55: 01 | F55: 1 | G55: 00 | H55: 76010 | I55: 244
A56: Непрограммные расходы главных распорядителей бюджетных средств местного бюджета | B56: 926 | C56: 01 | D56: 04 | E56: 89 | F56: 0 | K56: =K57+K61 -> 0
A57: Непрограммные расходы в рамках обеспечения деятельности главных распорядителей бюджетных средств местного бюджета | B57: 926 | C57: 01 | D57: 04 | E57: 89 | F57: 1 | K57: =K58 -> 0
A58: Финансовое обеспечение расходных обязательств муниципальных образований по переданным для осуществления органам местного самоуправления государственным полномочиям | B58: 926 | C58: 01 | D58: 04 | E58: 89 | F58: 1 | G58: 00 | H58: 77000 | K58: =K59 -> 0
A59: Реализация государственных полномочий по определению перечня должностных лиц, уполномоченных составлять протоколы об административных правонарушениях | B59: 926 | C59: 01 | D59: 04 | E59: 89 | F59: 1 | G59: 00 | H59: 77150 | K59: =K60 -> 0
A60: Прочая закупка товаров, работ и услуг для обеспечения государственных(муниципальных) нужд | B60: 926 | C60: 01 | D60: 04 | E60: 89 | F60: 1 | G60: 00 | H60: 77150 | I60: 244 | J60: 013
A61: Иные межбюджетные трансферты на осуществление полномочий по составлению и рассмотрению проекта бюджета поселения, утверждению и исполнению бюджета поселения, осуществлению контроля за его исполнением, составлению и утверждению отчета об исполнении бюджета поселения | B61: 926 | C61: 01 | D61: 04 | E61: 89 | F61: 1 | G61: 00 | H61: 44501 | K61: =K62 -> 0
A62: Иные межбюджетные трансферты | B62: 926 | C62: 01 | D62: 04 | E62: 89 | F62: 1 | G62: 00 | H62: 44501 | I62: 540
A63: Обеспечение проведения выборов и референдумов | B63: 926 | C63: 01 | D63: 07 | K63: =K64 -> 0
A64: Непрограммные расходы главных распорядителей бюджетных средств местного бюджета | B64: 926 | C64: 01 | D64: 07 | E64: 89 | F64: 0 | K64: =K65 -> 0
A65: Непрограммные расходы в рамках обеспечения деятельности главных распорядителей бюджетных средств местного бюджета | B65: 926 | C65: 01 | D65: 07 | E65: 89 | F65: 1 | K65: =K66 -> 0
A66: Проведение выборов в представительные органы муниципального образования Республики Мордовия | B66: 926 | C66: 01 | D66: 07 | E66: 89 | F66: 1 | G66: 00 | H66: 41130 | K66: =K67 -> 0
A67: Специальные расходы | B67: 926 | C67: 01 | D67: 07 | E67: 89 | F67: 1 | G67: 00 | H67: 41130 | I67: 880
A68: Резервные фонды | B68: 926 | C68: 01 | D68: 11 | J68: =J71 -> #REF! | K68: =K69 -> 0
A69: Непрограммные расходы главных распорядителей бюджетных средств местного бюджета | B69: 926 | C69: 01 | D69: 11 | E69: 89 | F69: 0 | K69: =K70 -> 0
A70: Непрограммные расходы в рамках обеспечения деятельности главных распорядителей бюджетных средств местного бюджета | B70: 926 | C70: 01 | D70: 11 | E70: 89 | F70: 1 | K70: =K71 -> 0
A71: Резервный фонд администрации муниципальных образований | B71: 926 | C71: 01 | D71: 11 | E71: 89 | F71: 1 | G71: 00 | H71: 41180 | J71: =J72 -> #REF! | K71: =K72 -> 0
A72: Резервные средства | B72: 926 | C72: 01 | D72: 11 | E72: 89 | F72: 1 | G72: 00 | H72: 41180 | I72: 870 | J72: =#REF! -> #REF!
A73: Другие общегосударственные вопросы | B73: 915 | C73: 01 | D73: 13 | J73: =#REF!+J74+#REF!+#REF! -> #REF! | K73: =K75 -> 0
A74: Мероприятия по реализация государственных функций, связанных с общегосударственным управлением | B74: 915 | C74: 01 | D74: 13 | E74: 09 | F74: 2 | H74: 0000 | J74: =J75 -> #REF! | K74: =K75 -> 0
A75: Выполнение других обязательств государства | B75: 915 | C75: 01 | D75: 13 | E75: 09 | F75: 2 | H75: 0300 | J75: =J76 -> #REF! | K75: =K76 -> 0
A76: Прочая закупка товаров, работ и услуг для обеспечения государственных(муниципальных) нужд | B76: 915 | C76: 01 | D76: 13 | E76: 09 | F76: 2 | H76: 0300 | I76: 244 | J76: =#REF! -> #REF!
A77: Другие общегосударственные вопросы | B77: 926 | C77: 01 | K77: =K78+K83+K87 -> 0
A78: Непрограммные расходы главных распорядителей бюджетных средств местного бюджета | B78: 926 | C78: 01 | D78: 13 | E78: 89 | F78: 0 | K78: =K79 -> 0
A79: Непрограммные расходы в рамках обеспечения деятельности главных распорядителей бюджетных средств местного бюджета | B79: 926 | C79: 01 | D79: 13 | E79: 89 | F79: 1 | K79: =K80+K82 -> 0
A80: Мероприятия в сфере муниципального управления | B80: 926 | C80: 01 | D80: 13 | E80: 89 | F80: 1 | G80: 00 | H80: 41210 | K80: =K81 -> 0
A81: Прочая закупка товаров, работ и услуг для обеспечения государственных(муниципальных) нужд | B81: 926 | C81: 01 | D81: 13 | E81: 89 | F81: 1 | G81: 00 | H81: 41210 | I81: 244
A82: Прочая закупка товаров, работ и услуг для обеспечения государственных(муниципальных) нужд | B82: 926 | C82: 01 | D82: 13 | E82: 89 | F82: 1 | G82: 00 | H82: 42200 | I82: 244
A83: Осуществление полномочий по вопросам осуществления муниципального земельного контроля в границах поселения | B83: 926 | C83: 01 | D83: 13 | E83: 89 | F83: 1 | G83: 00 | H83: 44210 | K83: =K84 -> 0
A84: Прочая закупка товаров, работ и услуг для обеспечения государственных(муниципальных) нужд | B84: 926 | C84: 01 | D84: 13 | E84: 89 | F84: 1 | G84: 00 | H84: 44210 | I84: 244
A85: Муниципальная программа Сабанчеевского сельского поселения "Профилактика терроризма и экстремизма в Сабанчеевском сельском поселении на 2019-2023 годы" | B85: 926 | C85: 01 | D85: 13 | E85: 31 | K85: =K86 -> 0
A86: Подпрограмма "Противодействие терроризму и экстремизму,защита жизни граждан, проживающих на территории Сабанчеевского сельского поселения от террористических и экстремистских актов" | B86: 926 | C86: 01 | D86: 13 | E86: 31 | F86: 0 | K86: =K87 -> 0
A87: Основное мероприятие "Информационно-пропагандистское противодействие терроризму и экстремизму" | B87: 926 | C87: 01 | D87: 13 | E87: 31 | F87: 0 | G87: 01 | K87: =K88 -> 0
A88: Мероприятия по укреплению общественного порядка и обеспечению общественной безопасности | B88: 926 | C88: 01 | D88: 13 | E88: 31 | F88: 0 | G88: 01 | H88: 42300 | K88: =K89 -> 0
A89: Прочая закупка товаров, работ и услуг для обеспечения государственных(муниципальных) нужд | B89: 926 | C89: 01 | D89: 13 | E89: 31 | F89: 0 | G89: 01 | H89: 42300 | I89: 244
A90: Национальная оборона | B90: 926 | C90: 02 | J90: =J91 -> #REF! | K90: =K91 -> 36.4
A91: Мобилизационная и вневойсковая подготовка | B91: 926 | C91: 02 | D91: 03 | J91: =J94 -> #REF! | K91: =K92 -> 36.4
A92: Непрограммные расходы главных распорядителей бюджетных средств местного бюджета | B92: 926 | C92: 02 | D92: 03 | E92: 89 | F92: 0 | K92: =K93 -> 36.4
A93: Непрограммные расходы в рамках обеспечения деятельности главных распорядителей бюджетных средств местного бюджета | B93: 926 | C93: 02 | D93: 03 | E93: 89 | F93: 1 | K93: =K94 -> 36.4
A94: Осуществление первичного воинского учета на территориях, где отсутствуют военные комиссариаты | B94: 926 | C94: 02 | D94: 03 | E94: 89 | F94: 1 | G94: 00 | H94: 51180 | J94: =#REF! -> #REF! | K94: =K95+K96+K97+K98 -> 36.4
A95: Фонд оплаты труда государственных (муниципальных) органов | B95: 926 | C95: 02 | D95: 03 | E95: 89 | F95: 1 | G95: 00 | H95: 51180 | I95: 121 | K95: 29.1
A96: Взносы по обязательному социальному страхованию на выплаты денежного содержания и иные выплаты работникам государственных (муниципальных) органов | B96: 926 | C96: 02 | D96: 03 | E96: 89 | F96: 1 | G96: 00 | H96: 51180 | I96: 129 | K96: 7.3
A97: Иные выплаты персоналу государственных (муниципальных) органов, за исключением фонда оплаты труда | B97: 926 | C97: 02 | D97: 03 | E97: 89 | F97: 1 | G97: 00 | H97: 51180 | I97: 122
A98: Прочая закупка товаров, работ и услуг для обеспечения государственных(муниципальных) нужд | B98: 915 | C98: 02 | D98: 03 | E98: 89 | F98: 1 | G98: 00 | H98: 51180 | I98: 244
B99: 915 | C99: 03
A100: Обеспечение пожарной безопасности | B100: 915 | C100: 03 | D100: 10
A101: Предупреждение и ликвидация последствий чрезвычайных ситуаций и стихийных бедствий природного и техногенного характера | B101: 915 | C101: 03 | D101: 10 | I101: 013
A102: Национальная экономика | B102: 915 | C102: 04 | J102: =J104+J107 -> #REF! | K102: =K104+K109 -> 0
...

Sheet Лист3
F2: Приложение №4
F3: к Постановлению 43 от 20.07.2020г. Администрации Сабанчеевского сельского поселения "Об исполнении бюджета Сабанчеевского сельского поселения за 2 квартал 2020г"
B5: Распределение бюджетных ассигнований бюджета Сабанчеевского сельского поселения по целевым статьям (государственным программам, муниципальным программам и непрограммным направлениям деятельности), группам (группам и подгруппам) видов расходов классификации расходов бюджетов, а также по разделам и подразделам классификации расходов бюджетов за 2 квартал 2020 года
B7: Наименование | C7: ЦСР | G7: Рз | H7: ПРз | I7: Адм | J7: 2020 год
B8: Муниципальная программа Сабанчеевского сельского поселения "Повышение эффективности муниципального управления Сабанчеевского сельского поселения на 2016-2024 годы" | C8: 01 | D8: 0 | J8: =J9 -> 1241.8
B9: Подпрограмма "Обеспечение деятельности Администрации Сабанчеевского сельского поселения" | C9: 01 | D9: 1 | J9: =J10 -> 1241.8
B10: Основное мероприятие "Обеспечение деятельности Администрации Сабанчеевского сельского поселения" | C10: 01 | D10: 1 | E10: 01 | J10: =J11+J24+J36+J20+J32 -> 1241.8
B11: Расходы, связанные с муниципальным управлением | C11: 01 | D11: 1 | E11: 01 | F11: 41000 | J11: =J12+J16+J28 -> 1041.3
B12: Расходы на выплаты по оплате труда работников органов местного самоуправления | C12: 01 | D12: 1 | E12: 01 | F12: 41110 | J12: =J13 -> 689.2
B13: Общегосударственные вопросы | C13: 01 | D13: 1 | E13: 01 | F13: 41110 | G13: 01 | J13: =J14 -> 689.2
B14: Функционирование Правительства Российской Федерации, высших исполнительных органов государственной власти субъектов Российской Федерации, местных администраций | C14: 01 | D14: 1 | E14: 01 | F14: 41110 | G14: 01 | H14: 04 | J14: =J15 -> 689.2
B15: Администрация Сабанчеевского сельского поселения | C15: 01 | D15: 1 | E15: 01 | F15: 41110 | G15: 01 | H15: 04 | I15: 926 | J15: 689.2
B16: Расходы на обеспечение функций органов местного самоуправления | C16: 01 | D16: 1 | E16: 01 | F16: 41120 | J16: =J17 -> 168
B17: Общегосударственные вопросы | C17: 01 | D17: 1 | E17: 01 | F17: 41120 | G17: 01 | J17: =J18 -> 168
B18: Функционирование Правительства Российской Федерации, высших исполнительных органов государственной власти субъектов Российской Федерации, местных администраций | C18: 01 | D18: 1 | E18: 01 | F18: 41120 | G18: 01 | H18: 04 | J18: =J19 -> 168
B19: Администрация Сабанчеевского сельского поселения | C19: 01 | D19: 1 | E19: 01 | F19: 41120 | G19: 01 | H19: 04 | I19: 926 | J19: 168
B20: Субсидии на софинансирование расходных обязательств по финансовому обеспечению деятельности органов местного самоуправления и муниципальных учреждений | C20: 01 | D20: 1 | E20: 01 | F20: 44205 | J20: =J21 -> 200.5
B21: Общегосударственные вопросы | C21: 01 | D21: 1 | E21: 01 | F21: 44205 | G21: 01 | J21: =J22 -> 200.5
B22: Функционирование Правительства Российской Федерации, высших исполнительных органов государственной власти субъектов Российской Федерации, местных администраций | C22: 01 | D22: 1 | E22: 01 | F22: 44205 | G22: 01 | H22: 04 | J22: =J23 -> 200.5
B23: Администрация Сабанчеевского сельского поселения | C23: 01 | D23: 1 | E23: 01 | F23: 44205 | G23: 01 | H23: 04 | I23: 926 | J23: 200.5
B24: Софинансирование расходных обязательств поселений по финансовому обеспечению деятельности муниципальных казенных учреждений и финансовому обеспечению выполнения муниципального задания бюджетными и автономными муниципальными учреждениями | C24: 01 | D24: 1 | E24: 01 | F24: 76010 | J24: =J25 -> 0
B25: Общегосударственные вопросы | C25: 01 | D25: 1 | E25: 01 | F25: 76010 | G25: 01 | J25: =J26 -> 0
B26: Функционирование Правительства Российской Федерации, высших исполнительных органов государственной власти субъектов Российской Федерации, местных администраций | C26: 01 | D26: 1 | E26: 01 | F26: 76010 | G26: 01 | H26: 04 | J26: =J27 -> 0
B27: Администрация Сабанчеевского сельского поселения | C27: 01 | D27: 1 | E27: 01 | F27: 76010 | G27: 01 | H27: 04 | I27: 926
B28: Расходы на выплаты по оплате труда Главы местной администрации (исполнительно-распорядительного органа муниципального образования) | C28: 01 | D28: 1 | E28: 01 | F28: 41150 | J28: =J29 -> 184.1
B29: Общегосударственные вопросы | C29: 01 | D29: 1 | E29: 01 | F29: 41150 | G29: 01 | J29: =J30 -> 184.1
B30: Глава местной администрации (исполнительно-распорядительного органа муниципального образования) | C30: 01 | D30: 1 | E30: 01 | F30: 41150 | G30: 01 | H30: 02 | J30: =J31 -> 184.1
B31: Администрация Сабанчеевского сельского поселения | C31: 01 | D31: 1 | E31: 01 | F31: 41150 | G31: 01 | H31: 02 | I31: 926 | J31: 184.1
B32: Субсидии на софинансирование расходных обязательств по финансовому обеспечению деятельности органов местного самоуправления и муниципальных учреждений | C32: 01 | D32: 1 | E32: 01 | F32: 44205 | J32: =J33 -> 0
B33: Общегосударственные вопросы | C33: 01 | D33: 1 | E33: 01 | F33: 44205 | G33: 01 | J33: =J34 -> 0
B34: Глава местной администрации (исполнительно-распорядительного органа муниципального образования) | C34: 01 | D34: 1 | E34: 01 | F34: 44205 | G34: 01 | H34: 02 | J34: =J35 -> 0
B35: Администрация Сабанчеевского сельского поселения | C35: 01 | D35: 1 | E35: 01 | F35: 44205 | G35: 01 | H35: 02 | I35: 909
B36: Софинансирование расходных обязательств поселений по финансовому обеспечению деятельности муниципальных казенных учреждений и финансовому обеспечению выполнения муниципального задания бюджетными и автономными муниципальными учреждениями | C36: 01 | D36: 1 | E36: 01 | F36: 76010 | J36: =J37 -> 0
B37: Общегосударственные вопросы | C37: 01 | D37: 1 | E37: 01 | F37: 76010 | G37: 01 | J37: =J38 -> 0
B38: Глава местной администрации (исполнительно-распорядительного органа муниципального образования) | C38: 01 | D38: 1 | E38: 01 | F38: 76010 | G38: 01 | H38: 02 | J38: =J39 -> 0
B39: Администрация Сабанчеевского сельского поселения | C39: 01 | D39: 1 | E39: 01 | F39: 76010 | G39: 01 | H39: 02 | I39: 926
B40: Муниципальная программа Сабанчеевскогоо сельского поселения "Комплексное развитие сельских территорий Сабанчеевского сельского поселения на 2020-2025 годы" | C40: 22 | D40: 2 | J40: =J41+J47+J52+J57+J62 -> 162.9
B41: Основное мероприятие "Организация мероприятий по благоустройству территории сельского поселения" | C41: 22 | D41: 2 | E41: 01 | J41: =J42 -> 162.9
B42: Мероприятия по благоустройству территорий городских округов и поселений | C42: 22 | D42: 2 | E42: 01 | F42: 43000 | J42: =J43 -> 162.9
B43: Уличное освещение | C43: 22 | D43: 2 | E43: 01 | F43: 43010 | J43: =J44 -> 162.9
B44: Жилищно-коммунальное хозяйство | C44: 22 | D44: 2 | E44: 01 | F44: 43010 | G44: 05 | J44: =J45 -> 162.9
B45: Благоустройство | C45: 22 | D45: 2 | E45: 01 | F45: 43010 | G45: 05 | H45: 03 | J45: =J46 -> 162.9
B46: Администрация Сабанчеевского сельского поселения | C46: 22 | D46: 2 | E46: 01 | F46: 43010 | G46: 05 | H46: 03 | I46: 926 | J46: 162.9
B47: Основное мероприятие "Организация мероприятий по благоустройству территории сельского поселения" | C47: 22 | D47: 0 | E47: 01 | J47: =J48 -> 0
B48: Озеленение | C48: 22 | D48: 0 | E48: 01 | F48: 43020 | J48: =J49 -> 0
B49: Жилищно-коммунальное хозяйство | C49: 22 | D49: 0 | E49: 01 | F49: 43020 | G49: 05 | J49: =J50 -> 0
B50: Благоустройство | C50: 22 | D50: 0 | E50: 01 | F50: 43020 | G50: 05 | H50: 03 | J50: =J51 -> 0
B51: Администрация Сабанчеевского сельского поселения | C51: 22 | D51: 0 | E51: 01 | F51: 43020 | G51: 05 | H51: 03 | I51: 926
B52: Основное мероприятие "Организация мероприятий по благоустройству территории сельского поселения" | C52: 22 | D52: 0 | E52: 01 | J52: =J53 -> 0
B53: Организация и содержание мест захоронения | C53: 22 | D53: 0 | E53: 01 | F53: 43030 | J53: =J54 -> 0
B54: Жилищно-коммунальное хозяйство | C54: 22 | D54: 0 | E54: 01 | F54: 43030 | G54: 05 | J54: =J55 -> 0
B55: Благоустройство | C55: 22 | D55: 0 | E55: 01 | F55: 43030 | G55: 05 | H55: 03 | J55: =J56 -> 0
B56: Администрация Сабанчеевского сельского поселения | C56: 22 | D56: 0 | E56: 01 | F56: 43030 | G56: 05 | H56: 03 | I56: 926
B57: Основное мероприятие "Организация мероприятий по благоустройству территории сельского поселения" | C57: 22 | D57: 0 | E57: 01 | J57: =J58 -> 0
B58: Прочие мероприятия по благоустройству городских округов и поселений | C58: 22 | D58: 0 | E58: 01 | F58: 43040 | J58: =J59 -> 0
B59: Жилищно-коммунальное хозяйство | C59: 22 | D59: 0 | E59: 01 | F59: 43040 | G59: 05 | J59: =J60 -> 0
B60: Благоустройство | C60: 22 | D60: 0 | E60: 01 | F60: 43040 | G60: 05 | H60: 03 | J60: =J61 -> 0
B61: Администрация Сабанчеевского сельского поселения | C61: 22 | D61: 0 | E61: 01 | F61: 43040 | G61: 05 | H61: 03 | I61: 926
B62: Основное мероприятие "Организация мероприятий по благоустройству территории сельского поселения" | C62: 22 | D62: 0 | E62: 01 | J62: =J63 -> 0
B63: Субсидии на софинансирование расходных обязательств по финансовому обеспечению деятельности органов местного самоуправления и муниципальных учреждений | C63: 22 | D63: 0 | E63: 01 | F63: 78090 | J63: =J64 -> 0
B64: Жилищно-коммунальное хозяйство | C64: 22 | D64: 0 | E64: 01 | F64: 78090 | G64: 05 | J64: =J65 -> 0
B65: Благоустройство | C65: 22 | D65: 0 | E65: 01 | F65: 78090 | G65: 05 | H65: 03 | J65: =J66 -> 0
B66: Администрацияабанчеевского сельского поселения | C66: 22 | D66: 0 | E66: 01 | F66: 78090 | G66: 05 | H66: 03 | I66: 926
B67: Мероприятия по укреплению общественного порядка и обеспечению общественной безопасности | C67: 31 | D67: 0 | E67: 01 | F67: 42300 | J67: =J68 -> 0
B68: Общегосударственные вопросы | C68: 31 | D68: 0 | E68: 01 | F68: 42300 | G68: 01 | J68: =J69 -> 0
B69: Другие общегосударственные вопросы | C69: 31 | D69: 0 | E69: 01 | F69: 42300 | G69: 01 | H69: 13 | J69: =J70 -> 0
B70: Администрация Сабанчеевского сельского поселения | C70: 31 | D70: 0 | E70: 01 | F70: 42300 | G70: 01 | H70: 13 | I70: 926
B71: Непрограммные расходы главных распорядителей бюджетных средств местного бюджета | C71: 89 | D71: 0 | J71: =J72 -> 141.4
B72: Непрограммные расходы в рамках обеспечения деятельности главных распорядителей бюджетных средств местного бюджета | C72: 89 | D72: 1 | J72: =J73+J81+J101+J113+J117+J131+J135+J142+J152+J123+J96+J141+J92+J124+J161+J85+J127+J109+J97+J105+J77+J156 -> 141.4
B73: Доплаты к пенсиям муниципальных служащих | C73: 89 | D73: 1 | E73: 00 | F73: 03010 | J73: =J74 -> 98
B74: Социальная политика | C74: 89 | D74: 1 | E74: 00 | F74: 03010 | G74: 10 | J74: =J75 -> 98
B75: Пенсионное обеспечение | C75: 89 | D75: 1 | E75: 00 | F75: 03010 | G75: 10 | H75: 01 | J75: =J76 -> 98
B76: Администрация Сабанчеевского сельского поселения | C76: 89 | D76: 1 | E76: 00 | F76: 03010 | G76: 10 | H76: 01 | I76: 909 | J76: 98
B77: Непрограммные расходы в рамках обеспечения деятельности главных распорядителей бюджетных средств местного бюджета | C77: 89 | D77: 1 | E77: 00 | F77: 41130 | J77: =J78 -> 0
B78: Проведение выборов в представительные органы муниципального образования Республики Мордовия | C78: 89 | D78: 1 | E78: 00 | F78: 41130 | G78: 01 | J78: =J79 -> 0
B79: Обеспечение проведения выборов и референдумов | C79: 89 | D79: 1 | E79: 00 | F79: 41130 | G79: 01 | H79: 07 | J79: =J80 -> 0
B80: Администрация Сабанчеевского сельского поселения | C80: 89 | D80: 1 | E80: 00 | F80: 41130 | G80: 01 | H80: 07 | I80: 926
B81: Резервный фонд администрации муниципальных образований | C81: 89 | D81: 1 | E81: 00 | F81: 41180 | J81: =J82 -> 0
B82: Общегосударственные вопросы | C82: 89 | D82: 1 | E82: 00 | F82: 41180 | G82: 01 | J82: =J83 -> 0
B83: Резервные фонды | C83: 89 | D83: 1 | E83: 00 | F83: 41180 | G83: 01 | H83: 11 | J83: =J84 -> 0
B84: Администрация Сабанчеевского сельского поселения | C84: 89 | D84: 1 | E84: 00 | F84: 41180 | G84: 01 | H84: 11 | I84: 926
B85: Осуществление полномочий по вопросам осуществления муниципального земельного контроля в границах поселения | C85: 89 | D85: 1 | E85: 00 | F85: 44210 | J85: =J86 -> 0
B86: Общегосударственные вопросы | C86: 89 | D86: 1 | E86: 00 | F86: 44210 | G86: 01 | J86: =J87 -> 0
B87: Другие общегосударственные вопросы | C87: 89 | D87: 1 | E87: 00 | F87: 44210 | G87: 01 | H87: 13 | J87: =J88 -> 0
B88: Администрация Сабанчеевского сельского поселения | C88: 89 | D88: 1 | E88: 00 | F88: 44210 | G88: 01 | H88: 13 | I88: 926
B89: Мероприятия в сфере муниципального управления | C89: 89 | D89: 1 | E89: 00 | F89: 41210 | J89: =J90 -> 0
B90: Общегосударственные вопросы | C90: 89 | D90: 1 | E90: 00 | F90: 41210 | G90: 01 | J90: =J91 -> 0
B91: Другие общегосударственные вопросы | C91: 89 | D91: 1 | E91: 00 | F91: 41210 | G91: 01 | H91: 13 | J91: =J92 -> 0
B92: Администрация Сабанчеевского сельского поселения | C92: 89 | D92: 1 | E92: 00 | F92: 41210 | G92: 01 | H92: 13 | I92: 926
B93: Иные межбюджетные трансферты для выполнения работ по весеннему паводку | C93: 89 | D93: 1 | E93: 00 | F93: 80190 | J93: =J94 -> 0
B94: Водное хозяйство | C94: 89 | E94: 00 | F94: 80190 | G94: 03 | J94: =J95 -> 0
B95: Защита населения и территории от чрезвычайных ситуаций природного и техногенного характера, гражданская оборона | C95: 89 | D95: 1 | E95: 00 | F95: 80190 | G95: 03 | H95: 09 | J95: =J96 -> 0
B96: Администрация Сабанчеевского сельского поселения | C96: 89 | D96: 1 | E96: 00 | F96: 80190 | G96: 03 | H96: 09 | I96: 926
B97: Резервный фонд администрации муниципальных образований | C97: 89 | D97: 1 | E97: 00 | F97: 41180 | J97: =J98 -> 0
B98: Водное хозяйство | C98: 89 | D98: 1 | E98: 00 | F98: 41180 | G98: 03 | J98: =J99 -> 0
B99: Защита населения и территории от чрезвычайных ситуаций природного и техногенного характера, гражданская оборона | C99: 89 | D99: 1 | E99: 00 | F99: 41180 | G99: 03 | H99: 09 | J99: =J100 -> 0
B100: Администрация Сабанчеевского сельского поселения | C100: 89 | D100: 1 | E100: 00 | F100: 41180 | G100: 03 | H100: 09 | I100: 926
B101: Капремонт, ремонт и содержание автомобильных дорог общего пользования местного значения и искусственных сооружений на них | C101: 89 | D101: 1 | E101: 00 | F101: 42010 | J101: =J102 -> 0
B102: Национальная экономика | C102: 89 | D102: 1 | E102: 00 | F102: 42010 | G102: 04 | J102: =J103 -> 0
B103: Дорожное хозяйство (дорожные фонды) | C103: 89 | D103: 1 | E103: 00 | F103: 42010 | G103: 04 | H103: 09 | J103: =J104 -> 0
...

Sheet Лист4
A1: Отчет о численности муниципальных служащих Сабанчеевского сельского поселения Атяшевского муниципального района Республики Мордовия и фактических затратах на их денежное содержание за 2 квартал 2020 г.
A3: Категория получателей бюджетных средств | B3: Численность | C3: Фактические затраты (тыс.руб.)
A4: Муниципальные служащие | B4: 6 | C4: 839.5
A5: Всего: | B5: 6 | C5: 839.5

Sheet Доходы прил 1
B1: Приложение № 1
B2: к Постановлению 43 от 20.07.2020г. Администрации Сабанчеевского сельского поселения "Об исполнении бюджета Сабанчеевского сельского поселения за 2 квартал 2020г"
A4: Фактическое поступление доходов бюджета Администрации Сабанчеевского селского поселения за 1 полугодие 2020 год по кодам классификации доходов бюджетов
A6: Наименование показателя | B6: Код дохода по бюджетной классификации | C6: Исполнение (тыс.руб)
A7: Доходы бюджета - всего | B7: х | C7: 2179.4
A8: в том числе:
A9: Налоговые и неналоговые доходы | B9: 000 1000000000 0000 000
A10: Налог на доходы физических лиц с доходов, источником которых является налоговый агент, за исключением доходов, в отношении которых исчисление и уплата налога осуществляются в соответствии со статьями 227, 227.1 и 228 Налогового кодекса Российской Федерации (перерасчеты, недоимка и задолженность по соответствующему платежу, в том числе по отмененному) | B10: 92618210102010010000110 | C10: 61.2
A11: Налог на доходы физических лиц | B11: 000 1010200001 0000 110 | C11: =[1]Доходы!AC20/1000 -> 64130.964
A12: Налог на доходы физических лиц с доходов, источником которых является налоговый агент, за исключением доходов, в отношении которых исчисление и уплата налога осуществляются в соответствии со статьями 227, 227.1 и 228 Налогового кодекса Российской Федерации | B12: 000 1010201001 0000 110 | C12: =[1]Доходы!AC21/1000 -> 63815.531
A13: Налог на доходы физических лиц с доходов, полученных от осуществления деятельности физическими лицами, зарегистрированными в качестве индивидуальных предпринимателей, нотариусов, занимающихся частной практикой, адвокатов, учредивших адвокатские кабинеты, и других лиц, занимающихся частной практикой в соответствии со статьей 227 Налогового кодекса Российской Федерации | B13: 000 1010202001 0000 110 | C13: =[1]Доходы!AC22/1000 -> 104.12563
A14: Налог на доходы физических лиц с доходов, полученных физическими лицами в соответствии со статьей 228 Налогового кодекса Российской Федерации | B14: 000 1010203001 0000 110 | C14: =[1]Доходы!AC23/1000 -> 217.42658
A15: Налог на доходы физических лиц в виде фиксированных авансовых платежей с доходов, полученных физическими лицами, являющимися иностранными гражданами, осуществляющими трудовую деятельность по найму на основании патента в соответствии со статьей 227.1 Налогового кодекса Российской Федерации | B15: 000 1010204001 0000 110 | C15: =[1]Доходы!AC24/1000 -> 5.4405
A16: Налог на доходы физических лиц с сумм прибыли контролируемой иностранной компании, полученной физическими лицами, признаваемыми контролирующими лицами этой компании | B16: 000 1010205001 0000 110 | C16: =[1]Доходы!AC25/1000 -> -11.5596
A17: Акцизы по подакцизным товарам (продукции), производимым на территории Российской Федерации | B17: 000 1030200001 0000 110 | C17: =[1]Доходы!AC27/1000 -> 5714.9534
A18: Доходы от уплаты акцизов на дизельное топливо, подлежащие распределению между бюджетами субъектов Российской Федерации и местными бюджетами с учетом установленных дифференцированных нормативов отчислений в местные бюджеты | B18: 000 1030223001 0000 110 | C18: =[1]Доходы!AC28/1000 -> 2601.3505
A19: Доходы от уплаты акцизов на дизельное топливо, подлежащие распределению между бюджетами субъектов Российской Федерации и местными бюджетами с учетом установленных дифференцированных нормативов отчислений в местные бюджеты (по нормативам, установленным Федеральным законом о федеральном бюджете в целях формирования дорожных фондов субъектов Российской Федерации) | B19: 000 1030223101 0000 110 | C19: =[1]Доходы!AC29/1000 -> 2601.3505
A20: Доходы от уплаты акцизов на моторные масла для дизельных и (или) карбюраторных (инжекторных) двигателей, подлежащие распределению между бюджетами субъектов Российской Федерации и местными бюджетами с учетом установленных дифференцированных нормативов отчислений в местные бюджеты | B20: 000 1030224001 0000 110 | C20: =[1]Доходы!AC30/1000 -> 19.12061
A21: Доходы от уплаты акцизов на моторные масла для дизельных и (или) карбюраторных (инжекторных) двигателей, подлежащие распределению между бюджетами субъектов Российской Федерации и местными бюджетами с учетом установленных дифференцированных нормативов отчислений в местные бюджеты (по нормативам, установленным Федеральным законом о федеральном бюджете в целях формирования дорожных фондов субъектов Российской Федерации) | B21: 000 1030224101 0000 110 | C21: =[1]Доходы!AC31/1000 -> 19.12061
A22: Доходы от уплаты акцизов на автомобильный бензин, подлежащие распределению между бюджетами субъектов Российской Федерации и местными бюджетами с учетом установленных дифференцированных нормативов отчислений в местные бюджеты | B22: 000 1030225001 0000 110 | C22: =[1]Доходы!AC32/1000 -> 3475.4131
A23: Доходы от уплаты акцизов на автомобильный бензин, подлежащие распределению между бюджетами субъектов Российской Федерации и местными бюджетами с учетом установленных дифференцированных нормативов отчислений в местные бюджеты (по нормативам, установленным Федеральным законом о федеральном бюджете в целях формирования дорожных фондов субъектов Российской Федерации) | B23: 000 1030225101 0000 110 | C23: =[1]Доходы!AC33/1000 -> 3475.4131
A24: Доходы от уплаты акцизов на прямогонный бензин, подлежащие распределению между бюджетами субъектов Российской Федерации и местными бюджетами с учетом установленных дифференцированных нормативов отчислений в местные бюджеты | B24: 000 1030226001 0000 110 | C24: =[1]Доходы!AC34/1000 -> -380.93088
A25: Доходы от уплаты акцизов на прямогонный бензин, подлежащие распределению между бюджетами субъектов Российской Федерации и местными бюджетами с учетом установленных дифференцированных нормативов отчислений в местные бюджеты (по нормативам, установленным Федеральным законом о федеральном бюджете в целях формирования дорожных фондов субъектов Российской Федерации) | B25: 000 1030226101 0000 110 | C25: =[1]Доходы!AC35/1000 -> -380.93088
A26: единый сельхоз налог, взимаемый с налогоплательщиков, выбравших в качестве объекта налогообложения доходы, уменьшенные на величину расходов | B26: 18210503010011000110 | C26: 0
A27: Единый налог на вмененный доход для отдельных видов деятельности | B27: 000 1050200002 0000 110 | C27: =[1]Доходы!AC37/1000 -> 5932.0138
A28: Единый налог на вмененный доход для отдельных видов деятельности | B28: 000 1050201002 0000 110 | C28: =[1]Доходы!AC38/1000 -> 5929.0475
A29: Единый налог на вмененный доход для отдельных видов деятельности (за налоговые периоды, истекшие до 1 января 2011 года) | B29: 000 1050202002 0000 110 | C29: =[1]Доходы!AC39/1000 -> 2.96626
A30: Единый сельскохозяйственный налог | B30: 000 1050300001 0000 110 | C30: =[1]Доходы!AC40/1000 -> 1067.1582
A31: Единый сельскохозяйственный налог | B31: 000 1050301001 0000 110 | C31: =[1]Доходы!AC41/1000 -> 1067.1582
A32: Единый сельскохозяйственный налог (за налоговые периоды, истекшие до 1 января 2011 года) | B32: 000 1050302001 0000 110 | C32: =[1]Доходы!AC42/1000 -> 7e-05
A33: Налог, взимаемый в связи с применением патентной системы налогообложения | B33: 000 1050400002 0000 110 | C33: =[1]Доходы!AC43/1000 -> 72.6254
A34: Налог, взимаемый в связи с применением патентной системы налогообложения, зачисляемый в бюджеты муниципальных районов 5 | B34: 000 1050402002 0000 110 | C34: =[1]Доходы!AC44/1000 -> 72.6254
A35: Налог на имущество физических лиц | B35: 1821060103010000110 | C35: 4.3
A36: Государственная пошлина по делам, рассматриваемым в судах общей юрисдикции, мировыми судьями | B36: 000 1080300001 0000 110 | C36: =[1]Доходы!AC57/1000 -> 1388.5963
A37: Государственная пошлина по делам, рассматриваемым в судах общей юрисдикции, мировыми судьями (за исключением Верховного Суда Российской Федерации) | B37: 000 1080301001 0000 110 | C37: =[1]Доходы!AC58/1000 -> 1388.5963
A38: Государственная пошлина за государственную регистрацию, а также за совершение прочих юридически значимых действий | B38: 000 1080700001 0000 110 | C38: =[1]Доходы!AC59/1000 -> 610.25
A39: Государственная пошлина за совершение действий, связанных с лицензированием, с проведением аттестации в случаях, если такая аттестация предусмотрена законодательством Российской Федерации | B39: 000 1080708001 0000 110 | C39: =[1]Доходы!AC60/1000 -> 4.25
A40: Государственная пошлина за совершение действий, связанных с лицензированием, с проведением аттестации в случаях, если такая аттестация предусмотрена законодательством Российской Федерации, зачисляемая в бюджеты субъектов Российской Федерации | B40: 000 1080708201 0000 110 | C40: =[1]Доходы!AC61/1000 -> 4.25
A41: Государственная пошлина за государственную регистрацию транспортных средств и иные юридически значимые действия, связанные с изменениями и выдачей документов на транспортные средства, регистрационных знаков, водительских удостоверений | B41: 000 1080714001 0000 110 | C41: =[1]Доходы!AC62/1000 -> 606
A42: Государственная пошлина за совершение действий уполномоченными органами исполнительной власти субъектов Российской Федерации, связанных с выдачей документов о проведении государственного технического осмотра тракторов, самоходных дорожно-строительных и иных самоходных машин и прицепов к ним, государственной регистрацией мототранспортных средств, прицепов, тракторов, самоходных дорожно-строительных и иных самоходных машин, выдачей удостоверений тракториста-машиниста (тракториста), временных удостоверений на право управления самоходными машинами, в том числе взамен утраченных или пришедших в негодность | B42: 000 1080714201 0000 110 | C42: =[1]Доходы!AC63/1000 -> 606
A43: Земельный налог с организаций, обладающих земельным участком, расположенным в границах сельских поселений | B43: 18210606033100000110 | C43: 337.3
A44: Проценты, полученные от предоставления бюджетных кредитов внутри страны | B44: 000 1110300000 0000 120 | C44: =[1]Доходы!AC69/1000 -> 0.34842
A45: Проценты, полученные от предоставления бюджетных кредитов внутри страны за счет средств бюджетов муниципальных районов | B45: 000 1110305005 0000 120 | C45: =[1]Доходы!AC70/1000 -> 0.34842
A46: Доходы, получаемые в виде арендной либо иной платы за передачу в возмездное пользование государственного и муниципального имущества (за исключением имущества бюджетных и автономных учреждений, а также имущества государственных и муниципальных унитарных предприятий, в том числе казенных) | B46: 000 1110500000 0000 120 | C46: =[1]Доходы!AC71/1000 -> 3120.8076
A47: Доходы, получаемые в виде арендной платы за земельные участки, государственная собственность на которые не разграничена, а также средства от продажи права на заключение договоров аренды указанных земельных участков | B47: 000 1110501000 0000 120 | C47: =[1]Доходы!AC72/1000 -> 2936.9731
A48: Доходы, получаемые в виде арендной платы за земельные участки, государственная собственность на которые не разграничена и которые расположены в границах сельских поселений и межселенных территорий муниципальных районов, а также средства от продажи права на заключение договоров аренды указанных земельных участков | B48: 000 1110501305 0000 120 | C48: =[1]Доходы!AC73/1000 -> 1478.0181
A49: Доходы, получаемые в виде арендной платы за земельные участки, государственная собственность на которые не разграничена и которые расположены в границах городских поселений, а также средства от продажи права на заключение договоров аренды указанных земельных участков | B49: 000 1110501313 0000 120 | C49: =[1]Доходы!AC74/1000 -> 1458.9551
A50: Доходы, получаемые в виде арендной платы за земли после разграничения государственной собственности на землю, а также средства от продажи права на заключение договоров аренды указанных земельных участков (за исключением земельных участков бюджетных и автономных учреждений) | B50: 000 1110502000 0000 120 | C50: =[1]Доходы!AC75/1000 -> 24.22168
A51: Доходы, получаемые в виде арендной платы, а также средства от продажи права на заключение договоров аренды за земли, находящиеся в собственности муниципальных районов (за исключением земельных участков муниципальных бюджетных и автономных учреждений) | B51: 000 1110502505 0000 120 | C51: =[1]Доходы!AC76/1000 -> 24.22168
A52: Доходы от сдачи в аренду имущества, находящегося в оперативном управлении органов государственной власти, органов местного самоуправления, государственных внебюджетных фондов и созданных ими учреждений (за исключением имущества бюджетных и автономных учреждений) | B52: 000 1110503000 0000 120 | C52: =[1]Доходы!AC79/1000 -> 8.6378
A53: Доходы от сдачи в аренду имущества, находящегося в оперативном управлении органов управления муниципальных районов и созданных ими учреждений (за исключением имущества муниципальных бюджетных и автономных учреждений) | B53: 000 1110503505 0000 120 | C53: =[1]Доходы!AC80/1000 -> 8.6378
A54: Доходы от сдачи в аренду имущества, составляющего государственную (муниципальную) казну (за исключением земельных участков) | B54: 000 1110507000 0000 120 | C54: =[1]Доходы!AC82/1000 -> 150.97495
A55: Доходы от сдачи в аренду имущества, составляющего казну муниципальных районов (за исключением земельных участков) | B55: 000 1110507505 0000 120 | C55: =[1]Доходы!AC83/1000 -> 150.97495
A56: Платежи от государственных и муниципальных унитарных предприятий | B56: 000 1110700000 0000 120 | C56: =[1]Доходы!AC85/1000 -> 66.6
A57: Доходы от перечисления части прибыли государственных и муниципальных унитарных предприятий, остающейся после уплаты налогов и обязательных платежей | B57: 000 1110701000 0000 120 | C57: =[1]Доходы!AC86/1000 -> 66.6
A58: Доходы от перечисления части прибыли, остающейся после уплаты налогов и иных обязательных платежей муниципальных унитарных предприятий, созданных муниципальными районами | B58: 000 1110701505 0000 120 | C58: =[1]Доходы!AC87/1000 -> 66.6
A59: Прочие доходы от использования имущества и прав, находящихся в государственной и муниципальной собственности (за исключением имущества бюджетных и автономных учреждений, а также имущества государственных и муниципальных унитарных предприятий, в том числе казенных) | B59: 000 1110900000 0000 120 | C59: =[1]Доходы!AC88/1000 -> 9.902
A60: Прочие поступления от использования имущества, находящегося в государственной и муниципальной собственности (за исключением имущества бюджетных и автономных учреждений, а также имущества государственных и муниципальных унитарных предприятий, в том числе казенных) | B60: 000 1110904000 0000 120 | C60: =[1]Доходы!AC89/1000 -> 9.902
A61: Прочие поступления от использования имущества, находящегося в собственности муниципальных районов (за исключением имущества муниципальных бюджетных и автономных учреждений, а также имущества муниципальных унитарных предприятий, в том числе казенных) | B61: 000 1110904505 0000 120 | C61: =[1]Доходы!AC90/1000 -> 9.902
A62: Налог на землю физических лиц физических лиц | B62: 92610606043100000110 | C62: 132.1
A69: Субвенции
A76: Субвенции бюджетам поселений на выполнение передаваемых полномочий субъектов Российской Федерации(на составление протоколов об административном правонарушении) | B76: 92620230024100000150
A77: Субвенции бюджетам поселений на осуществление первичного воинского учета на территориях, где отсутствуют военные комиссариаты | B77: 92620235118100000150 | C77: 36.4
A85: Межбюджетные трансферты
A102: Межбюджетные трансферты, передаваемые бюджетам сельских поселений из бюджетов муниципальных районов на осуществление части полномочий по решению вопросов местного значения в соответствии с заключенными соглашениями | B102: 92620240014100000150 | C102: 148.3
A107: Межбюджетные трансферты, передаваемые бюджетам сельских послений из бюджетов муниципальных районов на осуществление части полномочий по решению вопросов местного значения в соответствии с заключенными соглашениями | B107: 92620249999100000150 | C107: 762.9
A108: Субсидии бюджетам сельских поселений на софинансирование капитальных вложений в объекты государственной (муниципальной) собственности в рамках обеспечения комплексного развития сельских территорий | B108: 92620225576100000150 | C108: 696.3
A112: Денежные взыскания (штрафы) за нарушение законодательства Российской Федерации о контрактной системе в сфере закупок товаров, работ, услуг для обеспечения государственных и муниципальных нужд для нужд сельских поселений (федеральные государственные органы, Банк России, органы управления государственными внебюджетными фондами Российской Федерации) | B112: 92611607090100000140 | C112: 0.5
A125: Межбюджетные трансферты, передаваемые бюджетам муниципальных образований на осуществление части полномочий по решению вопросов местного значения в соответствии с заключенными соглашениями | B125: 000 2024001400 0000 150 | C125: =[1]Доходы!AC190/1000 -> 2286
A126: Межбюджетные трансферты, передаваемые бюджетам муниципальных районов из бюджетов поселений на осуществление части полномочий по решению вопросов местного значения в соответствии с заключенными соглашениями | B126: 000 2024001405 0000 150 | C126: =[1]Доходы!AC191/1000 -> 2286
A127: Межбюджетные трансферты, передаваемые бюджетам на создание модельных муниципальных библиотек | B127: 000 2024545400 0000 150 | C127: =[1]Доходы!AC193/1000 -> 5000
A128: Межбюджетные трансферты, передаваемые бюджетам муниципальных районов на создание модельных муниципальных библиотек | B128: 000 2024545405 0000 150 | C128: =[1]Доходы!AC194/1000 -> 5000
A129: Прочие межбюджетные трансферты, передаваемые бюджетам | B129: 000 2024999900 0000 150 | C129: =[1]Доходы!AC195/1000 -> 737
A130: Прочие межбюджетные трансферты, передаваемые бюджетам муниципальных районов | B130: 000 2024999905 0000 150 | C130: =[1]Доходы!AC196/1000 -> 737
A131: Итого | C131: 2179.4
A132: Возврат остатков субсидий, субвенций и иных межбюджетных трансфертов, имеющих целевое назначение, прошлых лет из бюджетов муниципальных районов | B132: 000 2190000005 0000 150 | C132: =[1]Доходы!AC202/1000 -> -96
A133: Возврат прочих остатков субсидий, субвенций и иных межбюджетных трансфертов, имеющих целевое назначение, прошлых лет из бюджетов муниципальных районов | B133: 000 2196001005 0000 150 | C133: =[1]Доходы!AC203/1000 -> -96
